 Dungeon Crawl Stone Soup version 0.28-a0-1389-gc726bef33b (webtiles) character file.

Game seed: 10873430090367389775

87 frimble the Grasshopper (level 4, 0/33 HPs)
             Began as a Demonspawn Warper on Jan 4, 2022.
             Was an Initiate of Ashenzari.
             Slain by a white imp (3 damage)
             ... on level 4 of the Dungeon.
             The game lasted 00:02:40 (2939 turns).

frimble the Grasshopper (Demonspawn Warper)         Turns: 2939, Time: 00:02:41

Health: 0/33       AC:  6    Str: 11    XL:     4   Next: 28%
Magic:  7/7        EV:  9    Int: 16    God:    Ashenzari [......]
Gold:   121        SH:  8    Dex: 13    Spells: 7/7 levels left

rFire   . . .      SeeInvis .   a - +0 short sword
rCold   . . .      Faith    .   g - +0 kite shield
rNeg    . . .      Spirit   .   b - +0 leather armour
rPois   .          Reflect  .   (helmet restricted)
rElec   .          Harm     .   (no cloak)
rCorr   .          Rampage  .   (no gloves)
Will    .....                   r - +2 pair of boots
Stlth   +.........              (no amulet)
HPRegen 0.11/turn               (no ring)
MPRegen 0.10/turn               (no ring)

@: no status effects
A: horns 1, spiny 1
a: Renounce Religion


You were on level 4 of the Dungeon.
You worshipped Ashenzari.
Ashenzari was noncommittal.
You visited 1 branch of the dungeon, and saw 4 of its levels.

You collected 121 gold pieces.

Inventory:

Hand Weapons
 a - a +0 short sword (weapon)
Missiles
 d - 3 boomerangs of dispersal (quivered)
Armour
 b - a +0 leather armour (worn)
 g - a +0 kite shield (worn)
 r - a +2 pair of boots (worn)
Jewellery
 e - an amulet of faith
 s - a ring of protection from fire
Scrolls
 c - 2 scrolls of blinking
 f - a scroll of noise
 j - a scroll of vulnerability
 k - a scroll of fog
 p - 3 scrolls of fear
Potions
 h - a potion of might {unknown}
 l - 3 potions of attraction {unknown}
 m - a potion of cancellation {unknown}
 n - a potion of ambrosia {unknown}
 o - 2 potions of curing {unknown}
 t - a potion of heal wounds {unknown}


   Skills:
 - Level 2.0 Fighting
 + Level 2.7 Short Blades
 - Level 0.9 Throwing
 - Level 0.9 Armour
 - Level 2.6 Dodging
 + Level 1.8 Shields
 - Level 2.0 Spellcasting
 - Level 2.8 Translocations


You had 7 spell levels left.
You didn't know any spells.
Your spell library contained the following spells:

 Spells                   Type           Power      Damage    Failure   Level
 Blink                    Tloc           20%        N/A       58%         2
 Gell's Gravitas          Tloc           10%        N/A       82%         3
 Lesser Beckoning         Tloc           10%        N/A       82%         3
 Teleport Other           Tloc           10%        N/A       82%         3
 Manifold Assault         Tloc           10%        N/A       100%        5


Dungeon Overview and Level Annotations

Branches:
Dungeon (4/15)
 Temple: D:4-7

Altars:
Ashenzari

Shops:
D:1 [


Innate Abilities, Weirdness & Mutations

You have a pair of small horns on your head.
You are partially covered in sharp spines.


Message History

You are too injured to fight recklessly!
You are too injured to fight recklessly!
The white imp lashes its tail.
The white imp shouts, "Get thee gone, thou baffled ruttish reprobate!"
You aren't carrying any items that you can evoke.
Throw: 5 boomerangs (disperse)
Press: ? - help, Q - select action Shift-Dir - straight line, f - white imp
Aim: a white imp (57% to hit)
You throw a boomerang of dispersal.
The boomerang of dispersal hits the white imp.
The white imp blinks!
The white imp gestures at you. The puff of frost hits you!
The white imp gestures at you. The puff of frost hits you.
You block the white imp's attack.
You hit the white imp.
The white imp is severely wounded.
The white imp hits you but does no damage.
You hit the white imp but do no damage.
You headbutt the white imp, but do no damage.
The white imp is severely wounded.
The white imp hits you but does no damage.
You barely miss the white imp.
The white imp is severely wounded.
The white imp hits you but does no damage.
You hit the white imp but do no damage.
The white imp is severely wounded.
The white imp gestures at you. The puff of frost hits you!
* * * LOW HITPOINT WARNING * * *
You block the white imp's attack.
Throw: 4 boomerangs (disperse)
Press: ? - help, Q - select action Shift-Dir - straight line, f/p - white imp
Aim: a white imp (severely wounded, 57% to hit)
You throw a boomerang of dispersal.
The boomerang of dispersal hits the white imp but does no damage.
The white imp is severely wounded.
The white imp hits you.
You die...

#####.#.####..###.....
#.#.####......#...
#.#.......###.##..
#.######### #.#### #.#
#..... . #### #.#
###### ... ..# #.#
....###.# ##.##
........###5@.#
...).........###..
..##### ........####.#
#.# ....... #...###.#
#.# #.# ...#### #..
..# #.###.# ### #.
#### #...#.#### # #..
. ##........# #.##.#
##....#.##.# #.....
#.......##.#######.#


You could see a white imp.

Vanquished Creatures
  An adder (D:2)
  4 dart slugs
  3 orcs (D:4)
  10 endoplasms
  5 giant cockroaches
  8 goblins
  3 hobgoblins
  3 kobolds
  3 quokkas
  7 ball pythons
  6 bats
  2 frilled lizards
  7 rats
62 creatures vanquished.

Vanquished Creatures (others)
  2 plants (D:2)
2 creatures vanquished.

Grand Total: 64 creatures vanquished

Notes
Turn   | Place    | Note
-------+----------+-------------------------------------------
     0 | D:1      | frimble the Demonspawn Warper began the quest for the Orb.
     0 | D:1      | Reached XP level 1. HP: 16/16 MP: 3/3
   138 | D:1      | Gained mutation: You are partially covered in sharp spines.
                  | [demonic ancestry]
   138 | D:1      | Reached XP level 2. HP: 10/22 MP: 5/5
   674 | D:1      | Reached skill level 1 in Shields
   746 | D:1      | Reached XP level 3. HP: 15/27 MP: 6/6
   987 | D:1      | Found Nalyecw's Armour Emporium.
  1373 | D:2      | Found a faded altar of an unknown god.
  2188 | D:3      | Gained mutation: You have a pair of small horns on your
                  | head. [demonic ancestry]
  2188 | D:3      | Reached XP level 4. HP: 29/33 MP: 7/7
  2302 | D:3      | Found a broken altar of Ashenzari.
  2750 | D:3      | Became a worshipper of Ashenzari the Shackled
  2939 | D:4      | Slain by a white imp

Illustrated notes

Levels and vault maps discovered:
D:1:      minmay_arrival_four_circles, layout_rooms, serial_shops,
          nicolae_lakefront_shop
D:2:      layout_rooms, nicolae_ecumenical_pavilion, serial_forest,
          infiniplex_forest_lined_room_, infiniplex_forest_end_2,
          infiniplex_forest_clump_curved, infiniplex_forest_end_1,
          infiniplex_forest_straight_4, infiniplex_forest_clump_curved,
          infiniplex_forest_lined_corner, infiniplex_forest_clump_cross
D:3:      layout_basic, mainiacjoe_overflow_boulevard
D:4:      layout_loops_cross, minmay_temple_entry_junction

Skill      XL: |  1  2 |
---------------+-------+-----
Short Blades   | 2 |  2.7
Dodging        | 2 |  2.6
Shields        | 1 |  1.8
Fighting       | |  2.0
Throwing       | |  0.9
Armour         | |  0.9
Spellcasting   | |  2.0
Translocations | |  2.8

Action                   |  1- 3 |  4- 6 || total
-------------------------+-------+-------++-------
Melee: Short sword       |   107 |    31 ||   138
       Headbutt          |       |     4 ||     4
Throw: Boomerang         |       |     2 ||     2
  Use: Scroll            |     7 |       ||     7
Armor: Leather armour    |    30 |     9 ||    39
Dodge: Dodged            |    36 |     3 ||    39
Block: Kite shield       |    27 |    18 ||    45

Table legend: (Time is in decaauts)
 A = Elapsed time spent in this place.
 B = Non-inter-level travel time spent in this place.
 C = Inter-level travel time spent in this place.
 D = Time resting spent in this place.
 E = Time spent auto-exploring this place.
 F = Levels seen in this place.
 G = Mean time per level.
                   A        B        C        D        E       F      G
               +--------+--------+--------+--------+--------+-----+--------+
         Total |   2970 |   2905 |     65 |      0 |   2457 |   4 |  742.5 |
       Dungeon |   2970 |   2905 |     65 |      0 |   2457 |   4 |  742.5 |
               +--------+--------+--------+--------+--------+-----+--------+

Top non-repeatable levels by time:
     D:1: 1177 daAuts
     D:3: 882 daAuts
     D:2: 735 daAuts
     D:4: 175 daAuts
